 Dungeon Crawl Stone Soup version 0.20.0-8-g6b59dc7 (webtiles) character file.

50 Monsterracer the Sneak (level 3, 16/16 HPs)
             Began as a Spriggan Enchanter on May 31, 2017.
             Was a Follower of Qazlal.
             Quit the game on level 2 of the Dungeon.
             The game lasted 00:03:50 (2001 turns).

Monsterracer the Sneak (Spriggan Enchanter)         Turns: 2001, Time: 00:03:51

Health: 16/16      AC:  2    Str:  3 (4)  XL:     3   Next: 55%
Magic:  8/8        EV: 18    Int: 14 (17) God:    Qazlal [*.....]
Gold:   43         SH:  1    Dex: 14 (16) Spells: 1/7 levels left

rFire    + . .     SeeInvis +   a - +1 dagger
rCold    . . .     Gourm    .   (shield restricted)
rNeg     . . .     Faith    .   b - +0 robe
rPois    .         Spirit   .   (helmet restricted)
rElec    .         Reflect  .   (no cloak)
rCorr    .         Harm     .   (gloves unavailable)
MR       .....                  (boots unavailable)
Stlth    +++.......             (no amulet)
Regen    0.1/turn               l - ring of protection from fire
MPRegen  0.2/turn               (no ring)

@: very quick
A: unfitting armour, see invisible, herbivore 3, speed 3, slow metabolism 2
a: Renounce Religion


You were on level 2 of the Dungeon.
You worshipped Qazlal.
Qazlal was aware of your devotion.
You were not hungry.

You visited 1 branch of the dungeon, and saw 2 of its levels.

You collected 43 gold pieces.

Inventory:

Hand Weapons
 a - a +1 dagger (weapon)
Armour
 b - a +0 robe (worn)
Jewellery
 l - a ring of protection from fire (left hand)
Scrolls
 e - a scroll of fear {unknown}
 f - 2 scrolls of magic mapping {unknown}
 h - a scroll of remove curse {unknown}
 i - 3 scrolls of teleportation {unknown}
 j - a scroll of amnesia {unknown}
 k - a scroll of identify {unknown}
 m - a scroll of random uselessness {unknown}
Books
 c - a book of Maledictions

   Spells                             Type                      Level
   a - Corona                         Hexes                        1
   b - Ensorcelled Hibernation        Hexes/Ice                    2
   c - Confuse                        Hexes                        3
   d - Tukima's Dance                 Hexes                        3
   e - Dazzling Spray                 Conjuration/Hexes            3
Comestibles
 d - 3 bread rations
 g - 2 royal jellies


   Skills:
 + Level 2.5 Short Blades
 - Level 3.0 Dodging
 + Level 6.0 Stealth
 - Level 2.6 Spellcasting
 - Level 3.6 Hexes


You had one spell level left.
You knew the following spells:

 Your Spells              Type           Power        Failure   Level  Hunger
a - Corona                Hex            ##.....      4%          1    #......
b - Ensorcelled Hibernat  Hex/Ice        #.....       16%         2    ###....
c - Confuse               Hex            ##......     16%         3    ###....


Dungeon Overview and Level Annotations

Branches:
Dungeon (2/15)

Altars:
Qazlal


Innate Abilities, Weirdness & Mutations

You are very small and have problems with some larger weapons.
You are too small for most types of armour.
You have supernaturally acute eyesight. (SInv)
You are a herbivore.
You cover ground extremely quickly.
You need consume almost no food.


Message History

* * * LOW HITPOINT WARNING * * *
Casting: Corona
Confirm with . or Enter, or press ? or * to list all spells.
Aiming: Ensorcelled Hibernation
Press: ? - help, Shift-Dir - straight line, f - kobold
Aim: a kobold, wielding a whip (chance to defeat MR: 55%)
The kobold looks drowsy...
The helpless kobold fails to defend itself.
You impale the kobold!!
You kill the kobold!
You start resting.
Magic restored.
You start resting.
HP restored.
There is a faded altar of an unknown god here.
You cannot tell which god this altar belongs to.
Convert to them anyway?
Qazlal accepts your prayer! Qazlal welcomes you!
Qazlal grants you immunity to clouds.
You are surrounded by a storm.
Are you sure you want to abandon this character and quit the game? (Confirm with "yes".)

######...###...
.............. .##.
######....... ....
#...#...### ##..##
######..... ...####....##
..........# #.....(....# #
..#######.####..♣.......###.
...............♣@♣..........
..##########....♣........#
..# #...÷.........# ###
#....#...........# .
#...####...........########
. ..# ###..)..........$....
. ..................!...
####.....<..÷.#.......
#..........########


There were no monsters in sight!

Vanquished Creatures
  An adder (D:2)
  A dart slug (D:1)
  A leopard gecko (D:1)
  2 giant cockroaches
  4 goblins (D:1)
  6 hobgoblins (D:1)
  5 kobolds
  A ball python (D:1)
  5 bats
  2 frilled lizards
  10 rats
38 creatures vanquished.

Notes
Turn   | Place    | Note
-------+----------+-------------------------------------------
     0 | D:1      | Monsterracer the Spriggan Enchanter began the quest for the Orb.
     0 | D:1      | Reached XP level 1. HP: 9/9 MP: 5/5
    99 | D:1      | Reached XP level 2. HP: 10/13 MP: 6/6
   230 | D:1      | Reached skill level 5 in Stealth
  1137 | D:1      | Learned a level 2 spell: Ensorcelled Hibernation
  1425 | D:1      | Reached XP level 3. HP: 16/16 MP: 8/8
  1503 | D:1      | Learned a level 3 spell: Confuse
  1705 | D:2      | Found a faded altar of an unknown god.
  1720 | D:2      | Reached skill level 6 in Stealth
  2000 | D:2      | Became a worshipper of Qazlal Stormbringer
  2000 | D:2      | Reached * piety under Qazlal
  2001 | D:2      | Quit the game

Skill      XL: |  1  2  3 |
---------------+----------+-----
Stealth        | 5 6 |  6.0
Short Blades   | 2 |  2.5
Dodging        | |  3.0
Spellcasting   | |  2.6
Hexes          | |  3.6

Action                   || total
-------------------------++-------
Melee: Dagger            ||   214
 Cast: Corona            ||     9
       Ensorcelled Hiber ||     2
  Use: Potion            ||     4
 Stab: Sleeping          ||    12
Armor: Robe              ||    25
Dodge: Dodged            ||   213
